 Dungeon Crawl Stone Soup version 0.29-a0-317-gd16b76e6b1 (webtiles) character file.

Game seed: 115940616523008033

937 Morbidden the Grave Robber (level 7, -3/60 HPs)
             Began as a Deep Dwarf Necromancer on Apr 1, 2022.
             Was an Initiate of Makhleb.
             Slain by an iguana (11 damage)
             ... on level 5 of the Dungeon.
             The game lasted 00:06:51 (4659 turns).

Morbidden the Grave Robber (Deep Dwarf Necromancer) Turns: 4659, Time: 00:06:51

Health: -3/60      AC:  3    Str: 16    XL:     7   Next: 87%
Magic:  13/13      EV: 13    Int: 20    God:    Makhleb [......]
Gold:   359        SH:  0    Dex: 13    Spells: 11/15 levels left

rFire   . . .      SeeInvis .   o - +8 dagger "Ufolioz" {flame, Fly Str+3 Int+4 Stlth-}
rCold   . . .      Faith    .   (no shield)
rNeg    + . .      Spirit   .   a - +0 robe
rPois   .          Reflect  .   (no helmet)
rElec   .          Harm     .   d - +0 cloak
rCorr   .          Rampage  +   (no gloves)
Will    ++...                   (no boots)
Stlth   +.........              q - amulet of Nide {RegenMP Rampage rN+}
HPRegen 0.00/turn               l - ring of willpower
MPRegen 0.53/turn               (no ring)

@: flying
A: damage resistance, heal wounds, sense surroundings 1, no regeneration
a: Heal Wounds, Renounce Religion


You were on level 5 of the Dungeon.
You worshipped Makhleb.
Makhleb was noncommittal.
You visited 2 branches of the dungeon, and saw 6 of its levels.

You collected 359 gold pieces.

Inventory:

Hand Weapons
 o - the +8 dagger "Ufolioz" (weapon) {flame, Fly Str+3 Int+4 Stlth-}
   (You found it on level 2 of the Dungeon)

   It burns those it strikes, dealing additional fire damage.
   Str:       It affects your strength (+3).
   Int:       It affects your intelligence (+4).
   Fly:       It grants you flight.
   Stlth:     It makes you less stealthy.
Missiles
 v - 2 boomerangs
Armour
 a - a +0 robe (worn)
 d - a +0 cloak (worn)
 g - a +0 kite shield
 k - a scarf of repulsion
Jewellery
 l - a ring of willpower (left hand)
 q - the amulet of Nide (around neck) {RegenMP Rampage rN+}
   (You found it on level 2 of the Dungeon)

   [amulet of magic regeneration]

   It increases your rate of magic regeneration.
   rN:        It protects you from negative energy.
   Rampage:   It bestows one free step when moving towards enemies.
Wands
 x - a wand of flame (6)
Scrolls
 c - 2 scrolls of vulnerability {unknown}
 e - a scroll of silence {unknown}
 i - 2 scrolls of fear {unknown}
 j - 2 scrolls of enchant armour {unknown}
 m - 3 scrolls of teleportation {unknown}
 n - a scroll of enchant weapon {unknown}
 p - a scroll of amnesia {unknown}
 r - 4 scrolls of identify {unknown}
 w - a scroll of torment {unknown}
Potions
 b - a potion of magic
 f - a potion of cancellation {unknown}
 h - 4 potions of curing
 s - a potion of heal wounds {unknown}
 t - a potion of degeneration {unknown}
 u - a potion of ambrosia {unknown}
 z - a potion of flight {unknown}


   Skills:
 * Level 2.0 Fighting
 * Level 2.0 Short Blades
 * Level 3.6 Dodging
 + Level 2.9 Stealth
 * Level 4.5 Spellcasting
 * Level 7.5 Necromancy
 * Level 1.1 Invocations
 * Level 1.0 Evocations


You had 11 spell levels left.
You knew the following spells:

 Your Spells              Type           Power      Damage    Failure   Level
a - Pain                  Necr           100%       1d9       1%          1
b - Vampiric Draining     Necr           34%        2d8       1%          3

Your spell library contained the following spells:

 Spells                   Type           Power      Damage    Failure   Level
 Animate Skeleton         Necr           68%        N/A       1%          1
 Animate Dead             Necr           17%        N/A       5%          4
 Agony                    Necr           34%        N/A       16%         5
 Gell's Gravitas          Tloc           4%         N/A       36%         3
 Ozocubu's Armour         Ice            4%         N/A       36%         3
 Stone Arrow              Conj/Erth      8%         3d7       36%         3
 Teleport Other           Tloc           4%         N/A       36%         3
 Animate Armour           Summ/Erth      8%         N/A       77%         4
 Dispersal                Tloc           2%         N/A       100%        6
 Ozocubu's Refrigeration  Ice            2%         4d5       100%        7
 Lehudib's Crystal Spear  Conj/Erth      2%         10d2      100%        8


Dungeon Overview and Level Annotations

Branches:
Dungeon (5/15)             Temple (1/1) D:4

Altars:
Ashenzari
Cheibriados
Dithmenos
Fedhas
Gozag
Hepliaklqana
Kikubaaqudgha
Makhleb
Okawaru
Sif Muna
Uskayaw
Vehumet
Wu Jian
Xom

Shops:
D:2 =

Annotations:
D:3 3 runed translucent doors, Dabor's ghost, amateur GnAM; generaletaddeo's ghost, weakling DjTm; xitpu's ghost, amateur GrVM
D:4 exclusion: door


Innate Abilities, Weirdness & Mutations

You are resistant to damage.
You can heal yourself by infusing magical energy.
You passively map a small area around you.
You do not regenerate.


Message History

You draw life force from the kobold!
You kill the kobold!
Makhleb accepts your kill.
You feel life coursing into your body. The kobold completely misses you.
The kobold misses you.
Casting: Vampiric Draining (safe; 1% risk of failure)
Confirm with . or Enter, or press ? or * to list all spells.
Aiming: Vampiric Draining (safe; 1% risk of failure)
Press: ? - help, Shift-Dir - straight line, f - kobold
Aim: a kobold, wielding a +0 dagger and quivering stones You draw life force from the kobold!
You kill the kobold!
Makhleb accepts your kill.
You feel life coursing into your body.
The kobold hits you with a +0 short sword.
Casting: Vampiric Draining (safe; 1% risk of failure)
Confirm with . or Enter, or press ? or * to list all spells.
Aiming: Vampiric Draining (safe; 1% risk of failure)
Press: ? - help, Shift-Dir - straight line, f - kobold
Aim: a kobold, wielding a +0 short sword You draw life force from the kobold.
You kill the kobold!
Makhleb accepts your kill.
You feel life coursing into your body.
You start resting.
Your magical contamination has completely faded away.
You start resting.
Magic restored.
You start waiting.
Done waiting.
Unknown command.
You fly downwards.
The kobold shouts!
You hear a shout!
A howler monkey comes into view.
The kobold brigand barely misses you. The iguana bites you!
* * * LOW HITPOINT WARNING * * *
The orc hits you with a +0 hand axe.
* * * LOW HITPOINT WARNING * * *
The kobold misses you. The orc barely misses you. The iguana bites you!
You die...

, * , * * ,,,
######h..... .(.#*... ,
...........#,####...#...
........... ........... ,
...D..#...# ,...........
, #.S......## ..........*
,
###........#..........##
.......oK...[.......)..#
.......@......., ,##O...
, ...K...lK...... #.....
....?..........##.#.<..#
,.................).....#
........................
.....)..................
,
.####..##...............
#.#* ...............
.........?.


You could see a water moccasin (wandering), an acid dragon, a kobold brigand, a
howler monkey, an iguana, an orc and 2 kobolds.

Vanquished Creatures
  Grinder (D:4)
  Menkaure (D:4)
  A centaur (D:5)
  2 necrophages (D:4)
  2 scorpions (D:4)
  2 hounds (D:4)
  Natasha (twice) (D:2)
  2 iguanas
  5 adders
  A gnoll (D:4)
  4 worms
  2 dart slugs (D:1)
  An orc (D:3)
  6 endoplasms
  2 giant cockroaches
  12 goblins
  11 hobgoblins
  3 quokkas
  5 ball pythons
  4 bats (D:3)
  2 frilled lizards
  11 kobolds
  5 rats
87 creatures vanquished.

Vanquished Creatures (others)
  2 plants (D:3)
  11 withered plants (D:3)
13 creatures vanquished.

Grand Total: 100 creatures vanquished

Notes
Turn   | Place    | Note
-------+----------+-------------------------------------------
     0 | D:1      | Morbidden the Deep Dwarf Necromancer began the quest for
                  | the Orb.
     0 | D:1      | Reached XP level 1. HP: 15/15 MP: 3/3
   281 | D:1      | Reached XP level 2. HP: 19/22 MP: 0/4
   548 | D:1      | Found a faded altar of an unknown god.
   789 | D:1      | Reached skill level 5 in Necromancy
  1113 | D:2      | Found Wirotaha's Jewellery Boutique.
  1141 | D:2      | Identified the +8 dagger "Ufolioz" {flame, Fly Str+3 Int+4
                  | Stlth-}
  1223 | D:2      | Identified the amulet of Nide {RegenMP Rampage rN+}
  1335 | D:2      | Reached XP level 3. HP: 10/28 MP: 4/6
  1452 | D:2      | Learned a level 3 spell: Vampiric Draining
  1752 | D:2      | Reached XP level 4. HP: 6/36 MP: 3/7
  1922 | D:2      | Noticed Natasha
  1925 | D:2      | Killed Natasha
  1983 | D:2      | Reached skill level 6 in Necromancy
  2352 | D:2      | Noticed Natasha
  2359 | D:2      | Killed Natasha
  2360 | D:2      | Reached XP level 5. HP: 31/43 MP: 3/8
  2713 | D:3      | Found a runed translucent gate.
  2714 | D:3      | Found a runed translucent gate.
  2715 | D:3      | Found a runed translucent gate.
  2715 | D:3      | Noticed Dabor's ghost (amateur GnAM)
  2715 | D:3      | Noticed generaletaddeo's ghost (weakling DjTm)
  2715 | D:3      | Noticed xitpu's ghost (amateur GrVM)
  2804 | D:3      | Found a blossoming altar of Fedhas.
  2805 | D:3      | Found an ancient bone altar of Kikubaaqudgha.
  3178 | D:4      | Noticed Grinder
  3197 | D:4      | Noticed Menkaure
  3308 | D:4      | Killed Menkaure
  3309 | D:4      | Reached skill level 1 in Fighting
  3309 | D:4      | Reached skill level 1 in Short Blades
  3309 | D:4      | Reached XP level 6. HP: 23/51 MP: 10/10
  3463 | D:4      | Killed Grinder
  3464 | D:4      | Reached skill level 7 in Necromancy
  3464 | D:4      | Reached XP level 7. HP: 43/57 MP: 9/12
  3562 | D:4      | Found a hide-covered altar of Uskayaw.
  3563 | D:4      | Found a hazy altar of Hepliaklqana.
  3655 | D:4      | Found a staircase to the Ecumenical Temple.
  3667 | D:4      | Found a shimmering blue altar of Sif Muna.
  3669 | Temple   | Entered the Ecumenical Temple
  3836 | Temple   | Became a worshipper of Makhleb the Destroyer
  4257 | D:5      | Entered Level 5 of the Dungeon
  4502 | D:4      | Reached skill level 1 in Invocations
  4502 | D:4      | Reached skill level 1 in Evocations
  4659 | D:5      | Slain by an iguana

Illustrated notes

Levels and vault maps discovered:
D:1:      erik_arrival_triangle_medium, layout_loops_ring, serial_glass,
          glass_columns_b, glass_columns_a, glass_columns_a, glass_columns_b,
          glass_columns_a, glass_columns_b, glass_columns_a, glass_columns_a,
          glass_columns_a, glass_columns_c, glass_columns_b, glass_columns_a,
          glass_columns_a, glass_columns_c, dreamdust_ecumenical_altar_statues,
          minmay_tetromino_t4
D:2:      layout_basic, serial_shops, shop, minmay_goblin_outpost, uniq_natasha
D:3:      layout_loops_ring, grunt_temple_overflow_growth_and_decay,
          gammafunk_ghost_cemetery, kennysheep_doodads
D:4:      layout_cave_pools, led_sif_book, jmf_multi_god_temple,
          minmay_temple_entry_statues, minmay_quadrilaterals, uniq_grinder,
          uniq_menkaure
D:5:      minmay_chambers_of_fours, layout_cave_pools,
          nicolae_ru_great_annihilating_truth, st_stairs_2, due_unseen_surprise
Temple:   jpeg_temple_island

Skill      XL: |  1  2  3  4  5  6  7 |
---------------+----------------------+-----
Necromancy     | 5 6 7 |  7.5
Spellcasting   | 2 3 4 |  4.5
Fighting       | 1 2 |  2.0
Short Blades   | 1 2 |  2.0
Dodging        | 3 |  3.6
Invocations    | 1 |  1.1
Evocations     | 1 |  1.0
Stealth        | |  2.9

Action                   |  1- 3 |  4- 6 |  7- 9 || total
-------------------------+-------+-------+-------++-------
Melee: Unarmed           |    14 |       |       ||    14
       Dagger            |    10 |    33 |    30 ||    73
       Punch             |       |       |     1 ||     1
 Cast: Pain              |    47 |     9 |       ||    56
       Vampiric Draining |     3 |    35 |    24 ||    62
 Stab: Sleeping          |     1 |     1 |       ||     2
Armor: Robe              |     4 |    12 |    14 ||    30
Dodge: Dodged            |    15 |    27 |    51 ||    93

Table legend: (Time is in decaauts)
 A = Elapsed time spent in this place.
 B = Non-inter-level travel time spent in this place.
 C = Inter-level travel time spent in this place.
 D = Time resting spent in this place.
 E = Time spent auto-exploring this place.
 F = Levels seen in this place.
 G = Mean time per level.
                   A        B        C        D        E       F      G
               +--------+--------+--------+--------+--------+-----+--------+
         Total |   4658 |   4515 |    143 |    723 |   3091 |   6 |  776.3 |
       Dungeon |   4474 |   4346 |    128 |    723 |   2934 |   5 |  894.8 |
        Temple |    183 |    168 |     15 |      0 |    157 |   1 |  183.0 |
               +--------+--------+--------+--------+--------+-----+--------+

Top non-repeatable levels by time:
     D:2: 1333 daAuts
     D:4: 1161 daAuts
     D:1: 1045 daAuts
     D:3: 915 daAuts
  Temple: 183 daAuts
     D:5: 19 daAuts
